 Dungeon Crawl Stone Soup version 0.30.1-9-gdf580d7c3d (webtiles) character file.

Game seed: 1407762036211234882

284 lonewolfV2 the Shield-Bearer (level 6, 0/49 HPs)
             Began as a Formicid Fighter on Oct 16, 2023.
             Slain by Sigmund
             ... wielding a +0 heavy scythe
              (19 damage)
             ... on level 4 of the Dungeon.
             The game lasted 00:05:19 (2412 turns).

lonewolfV2 the Shield-Bearer (Formicid Fighter)     Turns: 2412, Time: 00:05:19

Health: 0/49       AC:  7    Str: 23    XL:     6   Next: 54%
Magic:  6/6        EV:  9    Int:  7    God:
Gold:   131        SH: 10    Dex: 13    Spells: 5/5 levels left

rFire   + . .        a - +0 war axe (heavy)
rCold   + . .        c - +0 buckler
rNeg    + . .        b - +0 scale mail
rPois   +            (helmet unavailable)
rElec   +            (no cloak)
rCorr   +            (no gloves)
SInv    +            (no boots)
Will    .....        f - amulet of reflection Stlth
                     m - +4 ring of slaying
HPRegen 0.28/turn    k - ring of positive energy
MPRegen 0.10/turn

%: reflection
@: mighty, resistant
A: permanent stasis, dig shafts and tunnels, antennae 3, four strong arms
a: Dig, Shaft Self


You were on level 4 of the Dungeon.
You visited 1 branch of the dungeon, and saw 4 of its levels.

You collected 131 gold pieces.

Inventory:

Hand Weapons
 a - a +0 heavy war axe (weapon)
Armour
 b - a +0 scale mail (worn)
 c - a +0 buckler (worn)
Jewellery
 f - an amulet of reflection (around neck)
 k - a ring of positive energy (right hand)
 m - a +4 ring of slaying (left hand)
Wands
 i - a wand of roots (11)
Potions
 e - a potion of berserk rage {unknown}
 g - a potion of haste
 h - 2 potions of attraction
 j - a potion of brilliance
 l - 2 potions of degeneration


   Skills:
 + Level 4.7 Fighting
 + Level 3.5 Axes
 + Level 4.7 Armour
 + Level 5.6 Shields


You had 5 spell levels left.
You didn't know any spells.
Your spell library was empty.

Dungeon Overview and Level Annotations

Branches:
Dungeon (4/15)
 Temple: D:4-7

Altars:
Nemelex Xobeh
Sif Muna

Annotations:
D:3 1 transporter, KittyFluff's ghost, amateur GrBe
D:4 Sigmund


Innate Abilities, Weirdness & Mutations

You cannot be hasted, slowed, berserked, paralysed or teleported.
You can dig through walls and to a lower floor.
You have a pair of large antennae on your head. (SInv)
Your four strong arms can wield two-handed weapons with a shield.


Message History

Okay, then.
The jackal barks!
Sigmund gestures wildly while chanting.
Sigmund flickers and vanishes for a moment.
Aiming: Fastroot
Press: ? - help, Q - select action, (/) - cycle Shift-Dir - straight line
Okay, then.
The jackal bites you but does no damage.
A hound comes into view.
The jackal bites you.
You slice the jackal!!
You kill the jackal!
You slash the jackal!
You kill the jackal!
You block the jackal's attack. The jackal closely misses you.
A giant cockroach comes into view.
The jackal barely misses you.
Aiming: Fastroot
Press: ? - help, Q - select action, (/) - cycle Shift-Dir - straight line, f - Sigmund
Aim: Sigmund, wielding a +0 heavy scythe and wearing a +0 robe (slightly transparent)
The roots erupt in riotous growth!
Roots grab the jackal.
Roots grab Sigmund.
Roots grab the jackal.
The grasping roots constrict Sigmund.
The grasping roots constrict the jackal.
You kill the jackal!
The grasping roots constrict the jackal.
The jackal closely misses you.
The jackal bites you but does no damage.
You block Sigmund's attack.
You slice the jackal!!
You kill the jackal!
The grasping roots constrict Sigmund.
The roots release their grip on Sigmund.
You block the hound's attack.
You slash the hound!
The hound is severely wounded.
The hound closely misses you.
Sigmund hits you from afar with a +0 heavy scythe!!
You die...

....... .......
....... .......
.......## ....B@.!#
......†h# #+ #@#
#.###.# #+#####
#.....### ......
.#.#.....# ....# .#
#..##.# ....# .#
#..##.### ....######.#
#.......#
....##.....#.#.......#
##.............#.#...#


You could see Sigmund (invisible), a hound and a giant cockroach.

Vanquished Creatures
  Menkaure (D:4)
  An iguana (D:3)
  An orc wizard (D:3)
  4 adders
  A worm (D:2)
  A dart slug (D:2)
  6 orcs (D:3)
  6 bats
  8 endoplasms
  3 giant cockroaches
  4 goblins
  3 hobgoblins
  14 jackals
  4 kobolds
  2 ball pythons
  7 frilled lizards
  A rat (D:1)
67 creatures vanquished.

Notes
Turn   | Place    | Note
-------+----------+-------------------------------------------
     0 | D:1      | lonewolfV2 the Formicid Fighter began the quest for the
                  | Orb.
     0 | D:1      | Reached XP level 1. HP: 18/18 MP: 1/1
    62 | D:1      | Reached XP level 2. HP: 24/24 MP: 2/2
   284 | D:1      | Reached XP level 3. HP: 24/29 MP: 3/3
   748 | D:2      | Reached XP level 4. HP: 37/37 MP: 4/4
  1614 | D:3      | Noticed KittyFluff's ghost (amateur GrBe)
  1614 | D:3      | Identified the +8 dire flail of the Trees {elec, rF+ rN+}
  1614 | D:3      | Noticed an ogre
  1615 | D:3      | Found a transporter.
  1615 | D:3      | Noticed an ogre
  1616 | D:3      | Noticed an ogre
  1768 | D:3      | Found a sparkling altar of Nemelex Xobeh.
  1795 | D:3      | Reached skill level 5 in Shields
  1795 | D:3      | Reached XP level 5. HP: 36/42 MP: 5/5
  2050 | D:3      | Found a shimmering blue altar of Sif Muna.
  2399 | D:4      | Noticed Menkaure
  2404 | D:4      | Killed Menkaure
  2404 | D:4      | Noticed Sigmund
  2405 | D:4      | Reached XP level 6. HP: 16/49 MP: 6/6
  2412 | D:4      | Slain by Sigmund

Illustrated notes

Levels and vault maps discovered:
D:1:      shiori_arrival_oz, layout_rooms, minmay_tetromino_i2
D:2:      layout_loops_ring
D:3:      layout_basic, minitemple, gammafunk_ghost_smash, grunt_ministairs_1
D:4:      layout_basic, zin_statuary, grunt_decor_one_mirror, minmay_liquid_box,
          uniq_sigmund, uniq_menkaure

Skill      XL: |  1  2  3  4 |
---------------+-------------+-----
Armour         | 4 |  4.7
Fighting       | 4 |  4.7
Axes           | 3 |  3.5
Shields        | 5 |  5.6

Action                     |  1- 3 |  4- 6 || total
---------------------------+-------+-------++-------
  Melee: War axe           |    75 |    69 ||   144
  Evoke: Wand              |       |     2 ||     2
    Use: Scroll            |     2 |     8 ||    10
         Potion            |       |     2 ||     2
 Armour: Scale mail        |    42 |    28 ||    70
  Dodge: Dodged            |    33 |    21 ||    54
  Block: Buckler           |    20 |    48 ||    68
